 Dungeon Crawl Stone Soup version 0.22-a0-32-ga749362 (webtiles) character file.

353 mopl the Insei (level 6, -1/43 HPs)
             Began as a Barachi Transmuter on Jan 3, 2018.
             Slain by a worm (10 damage)
             ... on level 4 of the Dungeon.
             The game lasted 00:07:38 (3872 turns).

mopl the Insei (Barachi Transmuter)                 Turns: 3872, Time: 00:07:38

Health: -1/43      AC:  2    Str: 11    XL:     6   Next: 62%
Magic:  9/11       EV: 20    Int: 16    God:
Gold:   148        SH:  0    Dex: 17    Spells: 1/11 levels left

rFire    . . .     SeeInvis .     - Unarmed
rCold    . . .     Gourm    .   (shield currently unavailable)
rNeg     . . .     Faith    +   (armour currently unavailable)
rPois    x         Spirit   .   (helmet currently unavailable)
rElec    .         Reflect  .   (cloak currently unavailable)
rCorr    .         Harm     .   (gloves currently unavailable)
MR       .....                  (boots currently unavailable)
Stlth    ++........             s - amulet of faith {!P}
HPRegen  0.14/turn              (no ring)
MPRegen  0.12/turn              (no ring)

@: lethally poisoned (-1 -> -13), spider-form (expiring)
A: tiny, +LOS, swims
a: End Transformation


You were on level 4 of the Dungeon.
You were not hungry.
You were a venomous arachnid creature.
You visited 1 branch of the dungeon, and saw 4 of its levels.

You collected 148 gold pieces.

Inventory:

Missiles
 a - 35 arrows
 g - 6 needles of sleeping
 n - 25 poisoned needles
Armour
 b - a +0 robe (melded)
 i - a +0 buckler
 k - a +0 helmet (melded)
 r - a +2 leather armour of fire resistance
 t - a +0 pair of boots (melded)
Jewellery
 s - an amulet of faith (around neck) {!P}
Wands
 y - a wand of digging (20)
Scrolls
 f - 2 scrolls of fog {unknown}
 h - 3 scrolls of remove curse {unknown}
 j - 2 scrolls of immolation {unknown}
 p - a scroll of fear {unknown}
 v - 2 scrolls of identify {unknown}
 w - a scroll of teleportation {unknown}
Potions
 e - 2 potions of curing {unknown}
 l - 2 potions of ambrosia {unknown}
 m - a potion of brilliance {unknown}
 o - a potion of mutation {unknown}
 q - a potion of haste {unknown}
 u - a potion of degeneration {unknown}
 x - a potion of lignification {unknown}
Books
 c - a book of Changes

   Spells                             Type                      Level
   a - Beastly Appendage              Transmutation                1
   b - Sticks to Snakes               Transmutation                2
   c - Spider Form                    Transmutation/Poison         3
   d - Ice Form                       Ice/Transmutation            4
   e - Blade Hands                    Transmutation                5
Comestibles
 d - a ration


   Skills:
 - Level 1.2 Fighting
 - Level 2.1 Dodging
 * Level 5.3 Unarmed Combat
 - Level 3.4 Spellcasting
 + Level 4.3 Transmutations
 + Level 1.9 Ice Magic
 - Level 2.0 Poison Magic


You had one spell level left.
You knew the following spells:

 Your Spells              Type           Power        Failure   Level  Hunger
a - Beastly Appendage     Tmut           ###...       11%         1    None
b - Spider Form           Tmut/Pois      ##........   32%         3    ###....
d - Ice Form              Ice/Tmut       ##......     65%         4    ####...
w - Sticks to Snakes      Tmut           ###.....     14%         2    ##.....


Dungeon Overview and Level Annotations

Branches:
Dungeon (4/15)
 Temple: D:4-7

Altars:
Ashenzari
Gozag


Innate Abilities, Weirdness & Mutations

Shadows flee at your approach. (+LOS)
You can swim through water.
((You cover ground slowly.))
((You can hop short distances.))


Message History

You kill the scorpion!
You feel sick.
You feel sick.
You barely miss the worm.
* * * LOW HITPOINT WARNING * * *
You feel sick.
You hit the worm.
The worm is poisoned.
The worm is moderately wounded.
Your transformation is almost over.
* * * LOW HITPOINT WARNING * * *
You feel sick. The worm misses you.
You hit the worm.
The worm looks as sick as possible!
The worm is heavily wounded.
* * * LOW HITPOINT WARNING * * *
You feel sick.
You hit the worm.
The worm is almost dead.
* * * LOW HITPOINT WARNING * * *
You feel sick. The worm bites you!
You die...

... #.# #.. #.#
..##.#### .....).
# ..... #.#...#
#.#...####
.#####..†<....##.#
..........sw.....#
.##.#.........#..#
..........#### #
########...# #...#
#####


You could see a worm.

Vanquished Creatures
  A sky beast (D:2)
  A scorpion (D:4)
  A jelly (D:3)
  3 adders
  8 oozes
  4 worms
  3 leopard geckos (D:1)
  A ball python (D:1)
  7 giant cockroaches (D:2)
  9 goblins
  6 hobgoblins
  5 jackals
  A quokka (D:2)
  11 bats
  7 frilled lizards
  13 kobolds
  5 rats
86 creatures vanquished.

Vanquished Creatures (collateral kills)
  A jelly (D:3)
  A gnoll (D:1)
  A jackal (D:1)
3 creatures vanquished.

Vanquished Creatures (others)
  4 fungi (D:3)
  9 toadstools (D:3)
13 creatures vanquished.

Grand Total: 102 creatures vanquished

Notes
Turn   | Place    | Note
-------+----------+-------------------------------------------
     0 | D:1      | mopl the Barachi Transmuter began the quest for the Orb.
     0 | D:1      | Reached XP level 1. HP: 15/15 MP: 3/3
    76 | D:1      | Reached XP level 2. HP: 12/21 MP: 3/5
    83 | D:1      | Learned a level 2 spell: Sticks to Snakes
   567 | D:1      | Reached XP level 3. HP: 4/26 MP: 0/7
  1110 | D:1      | Learned a level 3 spell: Spider Form
  1174 | D:1      | Reached skill level 3 in Transmutations
  1415 | D:2      | Noticed a sky beast
  1442 | D:2      | Killed a sky beast
  1442 | D:2      | Reached skill level 4 in Unarmed Combat
  1442 | D:2      | Reached skill level 3 in Spellcasting
  1442 | D:2      | Reached skill level 1 in Poison Magic
  1442 | D:2      | Reached XP level 4. HP: 4/32 MP: 3/8
  1442 | D:2      | Reached XP level 5. HP: 5/37 MP: 3/9
  1521 | D:2      | Learned a level 4 spell: Ice Form
  1763 | D:2      | Found a shattered altar of Ashenzari.
  2212 | D:2      | Reached skill level 2 in Poison Magic
  3167 | D:3      | Found an opulent altar of Gozag.
  3417 | D:3      | Reached XP level 6. HP: 37/43 MP: 1/11
  3437 | D:3      | Reached skill level 5 in Unarmed Combat
  3437 | D:3      | Reached skill level 4 in Transmutations
  3437 | D:3      | Reached skill level 1 in Ice Magic
  3872 | D:4      | Slain by a worm

Vault maps used:
D:1:      mushboom_english_gardens, kennysheep_doodads, minmay_misc_feat_iff
D:2:      minmay_roachtagon, overflow_temple_1_default
D:3:      cheibrodos_fertilizer, nicolae_overflow_crystal_walls,
          hangedman_decor_peaks_small, nrook_mini_vaults
D:4:      kennysheep_mini_moat, enter_ossuary_2, first_ration, uniq_pikel,
          uniq_eustachio, uniq_edmund

Skill      XL: |  1  2  3  4  5  6 |
---------------+-------------------+-----
Transmutations | 3 4 |  4.3
Unarmed Combat | 4 5 |  5.3
Spellcasting   | 3 |  3.4
Poison Magic   | 1 2 |  2.0
Ice Magic      | 1 |  1.9
Fighting       | |  1.2
Dodging        | |  2.1

Action                   |  1- 3 |  4- 6 || total
-------------------------+-------+-------++-------
Melee: Unarmed           |   105 |   186 ||   291
       Kick              |     3 |       ||     3
       Headbutt          |     5 |       ||     5
       Punch             |     2 |       ||     2
 Cast: Beastly Appendage |    14 |     1 ||    15
       Sticks to Snakes  |     5 |     2 ||     7
       Spider Form       |     3 |    17 ||    20
 Abil: Hop               |     1 |     1 ||     2
 Stab: Sleeping          |     1 |     3 ||     4
  Eat: Chunk             |     3 |     7 ||    10
       Ration            |       |     1 ||     1
Armor: Robe              |    18 |    24 ||    42
       Skin              |     1 |    13 ||    14
Dodge: Dodged            |    91 |   159 ||   250

Table legend:
 A = Spawn XP
 B = Non-spawn XP
 C = Spawn XP percentage of total XP
 D = Spawn monster count
 E = Non-spawn monster count
 F = Spawn count percentage of total count
 G = Total turns spent on level
                    A         B        C        D         E        F      G
               +---------+---------+-------+---------+---------+-------+---------
         Total |       0 |     505 |   0.0 |       0 |      89 |   0.0 |  3872
               +---------+---------+-------+---------+---------+-------+---------
           D:1 |       0 |      55 |   0.0 |       0 |      26 |   0.0 |  1347
           D:2 |       0 |     205 |   0.0 |       0 |      33 |   0.0 |  1198
           D:3 |       0 |     178 |   0.0 |       0 |      29 |   0.0 |  1314
           D:4 |       0 |      67 |   0.0 |       0 |       1 |   0.0 |    13
               +---------+---------+-------+---------+---------+-------+---------
